 Dungeon Crawl Stone Soup version 0.19.0-19-g8c6edcc (webtiles) character file.

1098573 Firouki the Swordmaster (level 27, -7/272 (273) HPs)
             Began as a Minotaur Gladiator on Nov 6, 2016.
             Was a High Priest of Uskayaw.
             Mangled by a Tzitzimitl (25 damage)
             ... on level 10 of a ziggurat on Nov 13, 2016.
             The game lasted 12:20:18 (104409 turns).

Firouki the Swordmaster (Minotaur Gladiator)      Turns: 104409, Time: 12:20:19

HP:   -7/272 (273)  AC: 51    Str: 27 (30) XL:     27
MP:   37/37         EV: 24    Int: 12      God:    Uskayaw [*****.]
Gold: 9156          SH:  0    Dex: 20      Spells: 8 memorised, 30 levels left

rFire  + + .     SeeInvis .     u - +9 triple sword (elec)
rCold  + . .     Gourm    .     S - +12 gold dragon scales
rNeg   + + +     Faith    .     (shield currently unavailable)
rPois  +         Spirit   .     (helmet restricted)
rElec  +         Reflect  .     H - +1 cloak "Muddi Totri" {+Fly Regen+ rCorr}
rCorr  +         Harm     .     g - +5 pair of gloves of the Endless Expanse {Str+6}
MR     +++..                    w - +4 pair of boots "Uklonudirph" {Regen+ Int+3 Dex-3}
Stlth  ..........               O - amulet "Eroucs" {+Rage rN+ Int+4}
                                c - ring of Ynanio {rN+ MR+ Str-3 Slay+2 Stlth+}
                                R - ring "Taagui" {Fire rN+ Str+3 Dex+5}

@: lethally poisoned (-7 -> -7), silence, corroded, repel missiles
A: retaliatory headbutt, claws 1, horns 2, cold resistance 1, electricity
resistance, weak 1
a: Renounce Religion, Evoke Berserk Rage, Evoke Flight
}: 9/15 runes: barnacled, slimy, silver, golden, abyssal, demonic, glowing,
dark, gossamer


You were on level 10 of a ziggurat.
You worshipped Uskayaw.
Uskayaw was most pleased with you.
You were full.

You visited 14 branches of the dungeon, and saw 62 of its levels.
You visited Pandemonium 2 times, and saw 14 of its levels.
You visited the Abyss 5 times.
You visited 1 ziggurat, and saw 10 of its levels.

You collected 12770 gold pieces.
You spent 3614 gold pieces at shops.

Inventory:

Hand Weapons
 e - a +9 great sword of holy wrath
 u - a +9 triple sword of electrocution (weapon)
Missiles
 d - 10 throwing nets (quivered)
Armour
 g - the +5 pair of gloves of the Endless Expanse (worn) {Str+6}
   (You bought it in a shop on level 1 of the Vaults)

   It affects your strength (+6).
 w - the +4 pair of boots "Uklonudirph" (worn) {Regen+ Int+3 Dex-3}
   (You acquired it in Pandemonium)

   It affects your intelligence (+3).
   It affects your dexterity (-3).
   It increases your rate of regeneration.
 H - the +1 cloak "Muddi Totri" (worn) {+Fly Regen+ rCorr}
   (You found it on level 3 of the Crypt)

   It lets you fly.
   It increases your rate of regeneration.
   It protects you from acid and corrosion.
 J - a +2 cloak of invisibility
 S - +12 gold dragon scales (worn)
Jewellery
 c - the ring of Ynanio (right hand) {rN+ MR+ Str-3 Slay+2 Stlth+}
   (You found it on level 1 of the Depths)

   [ring of stealth]

   It affects your strength (-3).
   It affects your accuracy and damage with ranged weapons and melee attacks
   (+2).
   It protects you from negative energy.
   It affects your resistance to hostile enchantments.
   It makes you more stealthy.
 j - an uncursed ring of protection from fire
 l - the ring "Ydauh" {+Fly Int+3 Dex+9}
   (You bought it in a shop on level 2 of the Depths)

   [ring of flight]

   It affects your intelligence (+3).
   It affects your dexterity (+9).
   It lets you fly.
 m - an uncursed ring of protection from cold
 o - the ring "Siotz" {rElec rPois rN+ Slay+3}
   (You acquired it on level 2 of the Abyss)

   [ring of poison resistance]

   It affects your accuracy and damage with ranged weapons and melee attacks
   (+3).
   It insulates you from electricity.
   It protects you from poison.
   It protects you from negative energy.
 t - the ring "Erchia" {Fire +Fly Dex+3}
   (You acquired it on level 1 of the Tomb of the Ancients)

   [ring of fire]

   It enhances your fire magic.
   It affects your dexterity (+3).
   It protects you from fire.
   It makes you vulnerable to cold.
   It lets you fly.
 C - an uncursed amulet of faith
 I - a +6 ring of strength
 O - the amulet "Eroucs" (around neck) {+Rage rN+ Int+4}
   (You found it on level 2 of the Abyss)

   [amulet of rage]

   It affects your intelligence (+4).
   It protects you from negative energy.
   It lets you go berserk.
 R - the ring "Taagui" (left hand) {Fire rN+ Str+3 Dex+5}
   (You found it on level 7 of a ziggurat)

   [ring of fire]

   It enhances your fire magic.
   It affects your strength (+3).
   It affects your dexterity (+5).
   It protects you from fire.
   It makes you vulnerable to cold.
   It protects you from negative energy.
 V - the amulet "Uqeth" {Gourm Int+4 SInv}
   (You found it on level 3 of the Tomb of the Ancients)

   [amulet of the gourmand]

   It allows you to eat raw meat even when not hungry.
   It affects your intelligence (+4).
   It lets you see invisible.
 X - an uncursed ring of protection from magic
Wands
 k - a wand of digging (13/24)
 y - a wand of heal wounds (6/9)
 P - a wand of teleportation (8/9)
 Q - a wand of disintegration (14/24)
Scrolls
 b - a scroll of brand weapon
 h - 7 scrolls of magic mapping
 i - 39 scrolls of remove curse
 n - 4 scrolls of holy word
 p - 3 scrolls of enchant armour
 v - 2 scrolls of fog
 A - 15 scrolls of identify
 D - 5 scrolls of blinking
 F - 8 scrolls of fear
 L - 3 scrolls of summoning
 M - 5 scrolls of recharging
 N - 20 scrolls of teleportation
 T - 3 scrolls of enchant weapon
Potions
 a - 7 potions of resistance
 q - 8 potions of heal wounds
 s - 2 potions of cure mutation
 B - 21 potions of curing
 G - 2 potions of invisibility
 K - 5 potions of berserk rage
 U - 5 potions of cancellation
 W - 6 potions of might
 Y - 10 potions of haste
 Z - 6 potions of agility
Miscellaneous
 E - 6 phantom mirrors
Comestibles
 f - 23 bread rations


   Skills:
 O Level 27 Fighting
 O Level 27 Long Blades
   Level 5.5 Crossbows
 - Level 2.0 Throwing
 O Level 27 Armour
 O Level 27 Dodging
 + Level 16.4 Stealth
 - Level 11.1 Spellcasting
 + Level 9.7 Hexes
 - Level 12.1 Charms
 - Level 10.0 Translocations
 - Level 7.0 Transmutations
 - Level 6.6 Ice Magic
 - Level 6.0 Air Magic
 - Level 10.0 Earth Magic
 + Level 19.6 Invocations
 - Level 12.0 Evocations


You had 30 spell levels left.
You knew the following spells:

 Your Spells              Type           Power        Failure   Level  Hunger
a - Blink                 Tloc           N/A          1%          2    None
b - Repel Missiles        Chrm/Air       ####..       2%          2    None
c - Apportation           Tloc           ####......   1%          1    None
d - Lesser Beckoning      Tloc           ####......   3%          3    #......
e - Passwall              Tmut/Erth      ####......   3%          2    None
f - Swiftness             Chrm/Air       ####....     2%          2    None
g - Ozocubu's Armour      Chrm/Ice       ####....     4%          3    #......
h - Spectral Weapon       Hex/Chrm       ####....     2%          3    #......


Dungeon Overview and Level Annotations

Branches:
Dungeon (15/15)            Temple (1/1) D:6            Lair (6/6) D:8
 Shoals (4/4) Lair:2       Spider (4/4) Lair:4        Slime (5/5) Lair:5
    Orc (2/2) D:11            Elf (3/3) Orc:2        Vaults (5/5) D:14
  Crypt (3/3) Vaults:3       Tomb (3/3) Crypt:3      Depths (5/5) D:15
   Hell (1/1)                 Dis (0/7) Hell            Geh (0/7) Hell
    Coc (0/7) Hell            Tar (0/7) Hell            Zot (5/5) Depths:5

Altars:
Ashenzari
Cheibriados
Dithmenos
Elyvilon
Fedhas
Gozag
Hepliaklqana
Kikubaaqudgha
Makhleb
Nemelex Xobeh
Okawaru
Qazlal
Ru
Sif Muna
Trog
Uskayaw
Vehumet
Xom
Yredelemnul
Zin
The Shining One
Beogh
Jiyva
Lugonu

Shops:
D:4 =   D:8 %   Orc:1 }:[?[   Orc:2 }[[(:   Elf:2 *[*   Elf:3 [   Shoals:4 :
Vaults:1 %*   Vaults:3 (   Depths:2 }=}   Depths:4 *(

Portals:
Hell: Lair:6 Depths:1 Depths:2 Depths:3 Depths:4 Depths:5
Abyss: Depths:4 Depths:5
Pandemonium: Depths:3 Depths:5


Innate Abilities, Weirdness & Mutations

You reflexively headbutt those who attack you in melee.
You have a pair of horns on your head.
You have sharp fingernails.
Your flesh is cold resistant. (rC+)
You are resistant to electric shocks. (rElec)
You are weak. (Str -2)


Message History

* * * LOW HITPOINT WARNING * * *
Unknown command.
You feel much better.
You feel sick. The sun demon closely misses you.
The Tzitzimitl closely misses you. The Tzitzimitl bites you!
* * * LOW HITPOINT WARNING * * *
You feel your flesh rotting away! Rol Caez closely misses you.
You riposte.
You barely miss Rol Caez. Your headbutt misses Rol Caez.
The Brimstone Fiend hits you.
* * * LOW HITPOINT WARNING * * *
The Brimstone Fiend closely misses you. The Brimstone Fiend misses you.
The smoke demon gestures at you. Something smites you!
* * * LOW HITPOINT WARNING * * *
Unknown command.
You hit the Brimstone Fiend.
The Brimstone Fiend is almost dead.
You feel sick.
The sun demon hits you but does no damage.
The reaper barely misses you. The Tzitzimitl engulfs you!!
You die...

..........▓▓ .....
..........▓ [....
♣.........▓ ∩)....
♣♣.......▓▓ >|....
♣......∩..▓
∩}....♣♣♣♣♣.......▓▓
.....2.3.♣........▓
......1&3§........▓
.....33@§§§.§....▓▓
......1.§.§......▓
▓........§......▓▓
▓▓.............▓▓
▓▓▓.........▓▓▓
▓▓▓▓▓.▓▓▓▓▓ ▓▓▓


You could see Rol Caez, a Tzitzimitl, a Brimstone Fiend, a reaper, a sun demon
and 3 smoke demons.

Vanquished Creatures
  the Royal Jelly (Slime:5)
  Ignacio (Pan)
  Gloorx Vloq (Pan)
  Mnoleg (Pan)
  Mara (Vaults:2)
  6 orbs of fire
  10 ancient liches
  10 pandemonium lords (Pan)
  A juggernaut (Depths:5)
  Mennas (Pan)
  22 greater mummies
  Boris (Tomb:3)
  Sojobo (Crypt:1)
  A shard shrike (Zot:2)
  Frederick (Crypt:1)
  Margery (Vaults:4)
  Xtahua (Vaults:3)
  4 curse toes
  9 Killer Klowns
  3 caustic shrikes
  Geryon (Hell)
  13 golden dragons
  2 bone dragons
  Nikola (Elf:2)
  12 Tzitzimimeh (Pan)
  3 Brimstone Fiends (Pan)
  A hellephant (Pan)
  4 electric golems
  3 Hell Sentinels (Pan)
  4 Ice Fiends (Pan)
  22 tentacled monstrosities
  4 deep elf master archers (Elf:3)
  3 deep elf blademasters (Elf:3)
  25 Orb Guardians (Zot:5)
  15 liches
  27 acid blobs
  6 titans
  9 quicksilver dragons
  21 Executioners (Pan)
  Frances (Spider:2)
  An eldritch tentacle (Pan)
  Polyphemus (Shoals:3)
  11 sphinxes
  Gastronok (D:9)
  Agnes (Spider:3)
  4 tentacled starspawn
  5 death cobs
  19 storm dragons
  8 shadow dragons
  10 tengu reavers
  3 draconian monks
  12 ancient champions
  A daeva (Pan)
  Ilsuiw (Shoals:4)
  14 azure jellies
  4 revenants
  10 draconian knights
  A fire giant (shapeshifter) (Vaults:4)
  13 fire giants
  9 frost giants
  15 blood saints
  Aizul (Vaults:2)
  14 deep elf sorcerers
  24 cacodemons
  7 draconian scorchers
  A caustic shrike zombie (Crypt:2)
  10 ghost moths
  6 curse skulls
  20 vault wardens
  10 warmongers (Pan)
  5 draconian shifters
  6 orc warlords
  22 balrugs (Pan)
  17 ironheart preservers
  9 draconian annihilators
  12 reapers
  10 deep elf elementalists
  3 spriggan defenders
  9 ghouls
  8 draconian zealots
  5 emperor scorpions
  28 stone giants
  5 war gargoyles
  Nessos (D:14)
  5 draconian callers
  32 very ugly things
  9 entropy weavers
  11 vampire knights
  10 green draconians
  4 bennus
  11 deep elf demonologists
  8 corrupters
  10 deep elf annihilators
  8 red draconians
  11 black suns
  10 black draconians
  9 white draconians
  12 purple draconians
  11 mottled draconians
  8 spark wasps
  10 yellow draconians
  A dire elephant (Lair:6)
  21 blizzard demons
  21 ettins
  13 lorocyprocas (Pan)
  9 eidola
  7 deep elf death magi
  A spectral quicksilver dragon (Crypt:3)
  4 crystal guardians
  Snorg (Orc:2)
  5 merfolk impalers
  22 mummy priests
  3 merfolk javelineers
  23 green deaths (Pan)
  9 death oozes
  2 great orbs of eyes (shapeshifter) (Abyss:3)
  7 deep elf high priests
  28 yaktaur captains
  4 jiangshi
  15 fire dragons
  Harold (D:10)
  Josephine (D:14)
  The ghost of crazymagnet the Fencer, a journeyman MiBe of Trog (D:10)
  18 hydras
  A quicksilver dragon skeleton (Pan)
  37 vault guards
  13 great orbs of eyes
  5 hell beasts (Pan)
  Erolcha (Orc:2)
  15 rakshasas
  2 juggernaut simulacra (Pan)
  13 monstrous demonspawn (Pan)
  5 spriggan air magi
  An anaconda (shapeshifter) (Zig:6)
  2 merfolk avatars (Shoals:3)
  16 ice dragons
  2 catoblepae
  A ghost crab (shapeshifter) (Vaults:4)
  6 death knights
  12 centaur warriors
  3 tengu warriors
  5 satyrs
  31 dancing weapons
  An alligator (Lair:6)
  An alligator (shapeshifter) (Vaults:2)
  15 ogre magi
  49 death scarabs
  2 alligator snapping turtles (Shoals:4)
  20 deep troll shamans
  11 death yaks
  8 merfolk aquamancers
  13 vampire magi
  A queen ant (shapeshifter) (Depths:5)
  A spectral fire giant (Crypt:3)
  6 thrashing horrors
  7 deep troll earth magi
  8 hell hogs
  A spectral storm dragon (Crypt:3)
  3 shock serpents (shapeshifter)
  2 orc high priests (Orc:2)
  Urug (D:10)
  23 hell knights
  25 deep elf knights
  3 spriggan berserkers
  A storm dragon zombie (Tomb:3)
  5 iron trolls
  27 skeletal warriors
  49 soul eaters
  3 wretched stars
  42 sun demons
  5 sea snakes
  A titan skeleton (Depths:1)
  20 shadow wraiths
  28 sixfirhies
  A ghost moth zombie (Spider:3)
  30 deep trolls
  A spatial maelstrom (Abyss:2)
  15 flayed ghosts
  A storm dragon skeleton (Pan)
  13 torturous demonspawn (Pan)
  A cherub (Pan)
  14 wizards
  3 spark wasp zombies
  An anaconda zombie (Hell)
  8 shadow demons (Pan)
  10 gelid demonspawn (Pan)
  8 infernal demonspawn (Pan)
  15 unseen horrors
  20 ironbrand convokers
  A glowing orange brain (Depths:4)
  A spectral wolf spider (Crypt:3)
  A wolf spider zombie (Spider:3)
  23 deep elf archers
  30 phantasmal warriors
  6 hill giants
  16 necromancers
  An obsidian statue (Tomb:1)
  An orange crystal statue (Crypt:2)
  25 orc knights
  A mana viper (Abyss:2)
  An iron dragon zombie (Tomb:3)
  2 anaconda skeletons (Pan)
  31 wolf spiders
  2 lindwurms (shapeshifter)
  55 ugly things
  26 orb spiders
  2 shadow dragon skeletons (Pan)
  14 harpies
  An iron dragon skeleton (Tomb:3)
  A cyclops (shapeshifter) (Depths:1)
  2 frost giant zombies
  21 manticores
  12 shining eyes
  2 worldbinders
  71 deep elf magi
  15 fauns
  10 cyclopes
  6 rust devils
  10 orc sorcerers
  An elephant (shapeshifter) (Depths:1)
  5 stone giant zombies
  A fire giant zombie (Vaults:2)
  14 elephants
  A salamander (Depths:4)
  A spectral shock serpent (Crypt:3)
  27 moths of wrath
  A sphinx skeleton (Zig:9)
  A black mamba (shapeshifter) (Vaults:2)
  A water nymph (shapeshifter) (Depths:3)
  3 frost giant skeletons
  3 centaur zombies
  3 guardian serpents (shapeshifter)
  4 water nymphs
  9 sirens
  A stone giant skeleton (Pan)
  44 smoke demons
  A guardian serpent (D:14)
  11 spiny frogs
  A gargoyle (D:11)
  7 torpor snails
  3 dire elephant skeletons
  An ice statue (Hell)
  15 vault sentinels
  6 eyes of devastation
  8 hellions
  A molten gargoyle (Hell)
  21 orange demons
  A rime drake (Lair:6)
  2 shock serpent skeletons
  A kobold demonologist (Depths:4)
  13 komodo dragons
  2 emperor scorpion zombies
  25 hellwings
  An efreet (Abyss:2)
  17 freezing wraiths
  62 demonic crawlers
  2 yaktaurs (shapeshifter)
  77 yaktaurs
  18 ice devils
  11 tormentors
  An anaconda simulacrum (Tomb:3)
  6 redback zombies
  3 human skeletons
  49 guardian mummies
  A hydra zombie (Hell)
  2 jumping spiders (shapeshifter)
  6 tengu conjurers
  11 trolls
  4 wind drakes
  A harpy zombie (Crypt:2)
  27 red devils
  39 jumping spiders
  A merfolk (shapeshifter) (Abyss:3)
  A silent spectre (Depths:4)
  5 polar bears
  2 polar bears (shapeshifter) (Depths:5)
  The ghost of Gingerlord the Skirmisher, an amateur HuFi (D:4)
  18 merfolk
  A queen bee (Spider:2)
  A sphinx simulacrum (Vaults:5)
  4 meliai
  2 meliai (shapeshifter)
  22 two-headed ogres
  41 large abominations
  20 hornets
  A harpy skeleton (Abyss:2)
  2 hydra skeletons (Hell)
  2 bog bodies
  A spectral manticore (Crypt:3)
  A two-headed ogre (shapeshifter) (Vaults:5)
  2 fire dragon zombies
  4 snapping turtles
  A wolf spider simulacrum (Tomb:3)
  8 raiju (Abyss:2)
  71 slime creatures
  2 dream sheep (shapeshifter)
  3 death drake skeletons
  16 hippogriffs
  A meliai zombie (Crypt:2)
  A stone giant simulacrum (Tomb:1)
  14 blink frogs
  An iron dragon simulacrum (Hell)
  15 dream sheep
  A moth of wrath zombie (Spider:3)
  2 spriggan zombies (Depths:1)
  49 flying skulls
  2 jumping spider zombies (Spider:3)
  2 tarantella zombies
  2 fire giant simulacra
  2 hippogriffs (shapeshifter) (Vaults:4)
  2 alligator zombies (Hell)
  A snapping turtle (shapeshifter) (Vaults:4)
  3 centaur simulacra
  2 ettin skeletons
  A redback (shapeshifter) (Vaults:4)
  A deep troll skeleton (Depths:1)
  86 redbacks
  7 shadows
  37 tarantellas
  2 wyverns
  22 ynoxinuls
  13 water elementals
  8 air elementals
  A tarantella (shapeshifter) (Abyss:3)
  2 hogs (D:11)
  18 starcursed masses (Abyss:2)
  51 yaks
  A spriggan (Depths:3)
  17 wraiths
  11 fire elementals
  A fire bat (shapeshifter) (Depths:1)
  6 golden eyes (Slime:3)
  A hog (shapeshifter) (Depths:5)
  A spectral elf (Crypt:3)
  18 ushabtiu
  2 humans
  11 hungry ghosts
  9 vampire mosquitoes
  A golden eye (shapeshifter) (Depths:4)
  25 neqoxecs (Pan)
  6 basilisks
  22 chaos spawn
  13 wargs
  A spectral spiny frog (Crypt:3)
  3 mottled dragons
  5 soldier ants
  15 water moccasins
  3 hydra simulacra
  A floating eye (shapeshifter) (Vaults:5)
  2 orb spider zombies (Spider:3)
  5 hell hounds (Depths:2)
  9 porcupines
  A spiny frog zombie (Hell)
  An ice beast (shapeshifter) (Depths:5)
  An alligator simulacrum (Hell)
  9 ice beasts
  80 orc warriors
  3 black bears
  9 eyes of draining
  17 boggarts
  2 ettin simulacra
  4 spiny frog skeletons
  A phantom (D:14)
  6 sky beasts
  A wolf (shapeshifter) (Depths:5)
  33 centaurs
  56 ogres
  A tengu (shapeshifter) (Vaults:1)
  The ghost of RomanaTColgate the Shooter, an amateur HEHu (D:3)
  A swamp dragon skeleton (Crypt:1)
  11 wolves
  A torpor snail zombie (Spider:3)
  3 snapping turtle skeletons
  8 crocodiles
  2 big kobolds
  26 bullfrogs
  A komodo dragon zombie (Crypt:2)
  An octopode zombie (Crypt:1)
  A salamander skeleton (Crypt:2)
  A deep troll simulacrum (Vaults:5)
  5 earth elementals
  3 gnoll sergeants
  An elf skeleton (Crypt:2)
  8 small abominations
  A water moccasin zombie (D:9)
  13 scorpions
  A hornet simulacrum (D:15)
  A human simulacrum (Vaults:2)
  27 killer bees
  A howler monkey (D:5)
  18 wights
  3 electric eels
  5 crimson imps
  A spriggan skeleton (Crypt:2)
  3 bullfrog zombies
  36 orc priests
  5 bullfrog skeletons
  43 orc wizards
  8 hounds
  2 jellies
  9 centaur skeletons
  An iron imp (Depths:1)
  4 iguanas
  32 worker ants
  A dwarf skeleton (Crypt:2)
  A mottled dragon skeleton (Crypt:3)
  A hound zombie (D:6)
  2 hound skeletons
  62 mummies
  A worker ant zombie (D:7)
  A howler monkey zombie (Crypt:1)
  13 adders
  17 gnolls
  2 shadow imps
  6 white imps
  4 ufetubi
  2 oozes
  2 adder zombies
  3 adder skeletons
  4 worms
  4 leopard geckos
  169 orcs
  2 ball pythons (D:3)
  4 bats
  7 giant cockroaches
  7 goblins
  8 hobgoblins
  17 kobolds
  3 quokkas
  2 frilled lizards
  A hobgoblin skeleton (Crypt:2)
  A kobold zombie (Tomb:1)
  A leopard gecko zombie (D:6)
  An orc skeleton (Crypt:3)
  A quokka skeleton (D:5)
  A quokka zombie (D:8)
  13 rats
  7 crawling corpses
  2 lurking horrors (Abyss:3)
  12 plants
4357 creatures vanquished.

Vanquished Creatures (others)
  A lich (Tomb:2)
  A revenant (Tomb:1)
  A draconian shifter (Zot:4)
  A ghost moth (Zot:4)
  2 blood saints (Pan)
  A stone giant (Vaults:5)
  A dancing weapon (Elf:1)
  An ogre mage (Depths:4)
  19 death scarabs
  A soul eater (Pan)
  A deep elf knight (Elf:2)
  A skeletal warrior (Tomb:2)
  A deep elf mage (Elf:2)
  A wolf spider (Spider:3)
  An orc sorcerer (Depths:4)
  A moth of wrath (Zot:5)
  A redback (Spider:3)
  4 flying skulls
  A spiny frog zombie (Tomb:3)
  A sky beast (D:10)
  An ogre (Vaults:4)
  An orc wizard (D:13)
  3 orcs
  3 demonic plants (Pan)
  A fire vortex (Pan)
  8 fungi
  26 plants
  3 spectral weapons (Pan)
  7 starspawn tentacles
95 creatures vanquished.

Grand Total: 4452 creatures vanquished

Notes
Turn   | Place    | Note
-------+----------+-------------------------------------------
     0 | D:1      | Firouki the Minotaur Gladiator began the quest for the Orb.
     0 | D:1      | Reached XP level 1. HP: 18/18 MP: 0/0
   217 | D:1      | Reached XP level 2. HP: 22/25 MP: 1/1
  1002 | D:2      | Reached XP level 3. HP: 31/31 MP: 2/2
  1132 | D:2      | Reached skill level 5 in Long Blades
  1190 | D:2      | Found a shadowy altar of Dithmenos.
  1468 | D:3      | Reached XP level 4. HP: 27/38 MP: 3/3
  1516 | D:3      | Noticed RomanaTColgate's ghost (amateur HEHu)
  1530 | D:3      | HP: 1/38 [orc wizard/magic dart (10)]
  1834 | D:3      | Killed RomanaTColgate's ghost
  1834 | D:3      | Reached XP level 5. HP: 45/45 MP: 4/4
  1914 | D:3      | Reached skill level 1 in Armour
  1980 | D:3      | Reached XP level 6. HP: 51/51 MP: 5/5
  2289 | D:3      | Found a glowing silver altar of Zin.
  2414 | D:4      | Found Hifiqus's Jewellery Shop.
  2530 | D:5      | Entered Level 5 of the Dungeon
  2759 | D:4      | Reached skill level 5 in Fighting
  2760 | D:4      | Reached XP level 7. HP: 61/61 MP: 6/6
  2791 | D:4      | Noticed Gingerlord's ghost (amateur HuFi)
  3232 | D:5      | Got a sparkling bronze ring
  3274 | D:5      | Reached skill level 5 in Armour
  3428 | D:5      | Found a burning altar of Makhleb.
  3510 | D:5      | Identified the ring of Yhylopn Mill {rElec AC+3} (You found it on level 5 of the Dungeon)
  3552 | D:5      | Reached XP level 8. HP: 39/70 MP: 7/7
  4104 | D:6      | Found a staircase to the Ecumenical Temple.
  4123 | Temple   | Entered the Ecumenical Temple
  4161 | Temple   | Became a worshipper of Uskayaw the Reveler
  4286 | D:5      | Reached * piety under Uskayaw
  4292 | D:5      | Reached ** piety under Uskayaw
  4734 | D:6      | Noticed a hippogriff
  4882 | D:6      | Reached *** piety under Uskayaw
  4900 | D:6      | Reached skill level 10 in Long Blades
  4902 | D:6      | Killed a hippogriff
  4907 | D:6      | Reached **** piety under Uskayaw
  4908 | D:6      | Reached XP level 9. HP: 44/82 MP: 4/8
  5257 | D:6      | Found a blossoming altar of Fedhas.
  6296 | D:7      | Reached skill level 10 in Fighting
  6575 | D:8      | Found a glowing golden altar of the Shining One.
  6583 | D:8      | Found a staircase to the Lair.
  6703 | Lair:1   | Entered Level 1 of the Lair of Beasts
  6897 | Lair:1   | Reached skill level 5 in Dodging
  6949 | Lair:1   | Noticed a komodo dragon
  6961 | Lair:1   | Killed a komodo dragon
  7462 | D:7      | Reached XP level 10. HP: 67/93 MP: 4/9
  7653 | D:4      | Killed Gingerlord's ghost
  8268 | D:8      | Found Porui's Food Shoppe.
  8315 | D:8      | Reached ***** piety under Uskayaw
  8507 | D:8      | Reached skill level 1 in Invocations
  9120 | D:9      | Noticed Gastronok
  9154 | D:9      | Found a glowing golden altar of the Shining One.
  9288 | D:9      | Gained mutation: You are partially covered in yellow scales. (AC +2) [mutagenic meat]
  9289 | D:9      | Gained mutation: You occasionally shout uncontrollably at your foes. [mutagenic meat]
  9290 | D:9      | Gained mutation: You are robust. (+10% HP) [mutagenic meat]
  9291 | D:9      | Gained mutation: You are occasionally teleported next to monsters. [mutagenic meat]
  9292 | D:9      | Gained mutation: You are weak. (Str -2) [mutagenic meat]
  9293 | D:9      | Lost mutation: You are robust. (+10% HP) [mutagenic meat]
  9305 | D:9      | Found a stormy altar of Qazlal.
  9305 | D:9      | Found a radiant altar of Vehumet.
  9843 | D:10     | Entered Level 10 of the Dungeon
  9903 | D:10     | Noticed Harold
  9911 | D:10     | Killed Harold
  9911 | D:10     | Reached skill level 5 in Invocations
  9911 | D:10     | Reached XP level 11. HP: 71/99 MP: 13/13
 10172 | D:10     | Noticed crazymagnet's ghost (journeyman MiBe)
 10310 | D:11     | Noticed a hill giant
 10329 | D:11     | Killed a hill giant
 10432 | D:11     | Noticed an orc knight
 10435 | D:11     | Noticed an orc knight
 10706 | D:10     | Noticed Urug
 10829 | Lair:1   | Noticed a six-headed hydra
 10847 | Lair:1   | Killed a six-headed hydra
 12156 | Lair:2   | Found a staircase to the Shoals.
 12299 | Lair:2   | Reached skill level 10 in Armour
 12586 | Lair:2   | Reached XP level 12. HP: 83/110 MP: 15/15
 13145 | Lair:3   | Noticed a catoblepas
 13165 | Lair:3   | Killed a catoblepas
 13455 | Lair:3   | Found a shimmering altar of Xom.
 13935 | Lair:3   | Noticed a six-headed hydra
 14105 | D:4      | Bought the amulet of Vitality {Regen+ HP+15} for 444 gold pieces
 14106 | D:4      | Gained mutation: You tend to lose your temper in combat. [potion of mutation]
 14106 | D:4      | Gained mutation: You have sharp fingernails. [potion of mutation]
 14310 | Lair:3   | Killed a six-headed hydra
 14924 | Lair:4   | Found a hole to the Spider Nest.
 15294 | Lair:4   | Noticed an eight-headed hydra
 15305 | Lair:4   | Killed an eight-headed hydra
 15948 | Lair:5   | Noticed a five-headed hydra
 15958 | Lair:5   | Killed a five-headed hydra
 15958 | Lair:5   | Reached XP level 13. HP: 122/122 MP: 18/18
 16110 | Lair:5   | Found a staircase to the Slime Pits.
 16110 | Lair:5   | Found a viscous altar of Jiyva.
 16479 | Lair:5   | Reached skill level 10 in Dodging
 16765 | Lair:6   | Entered Level 6 of the Lair of Beasts
 16987 | Lair:6   | Reached ****** piety under Uskayaw
 16996 | Lair:6   | Reached skill level 15 in Long Blades
 17541 | Lair:6   | Noticed a dire elephant
 17699 | Lair:6   | Noticed a dire elephant
 17823 | Lair:6   | Killed a dire elephant
 18671 | D:9      | Killed Gastronok
 18779 | D:10     | Killed crazymagnet's ghost
 18954 | D:10     | Killed Urug
 18954 | D:10     | Reached XP level 14. HP: 132/132 MP: 20/20
 19382 | D:11     | Found a roughly hewn altar of Beogh.
 19382 | D:11     | Found a staircase to the Orcish Mines.
 19459 | D:11     | Reached skill level 10 in Invocations
 19644 | D:11     | Gained mutation: You are agile. (Dex +2) [mutagenic meat]
 19645 | D:11     | Lost mutation: You are weak. (Str -2) [mutagenic meat]
 19646 | D:11     | Lost mutation: You occasionally shout uncontrollably at your foes. [mutagenic meat]
 20461 | D:12     | Found a corrupted altar of Lugonu.
 20895 | D:12     | Gained mutation: You have sharp toenails. [mutagenic meat]
 20896 | D:12     | Lost mutation: You are occasionally teleported next to monsters. [mutagenic meat]
 20897 | D:12     | Gained mutation: Your flesh is cold resistant. (rC+) [mutagenic meat]
 20898 | D:12     | Lost mutation: You tend to lose your temper in combat. [mutagenic meat]
 20899 | D:12     | Gained mutation: You are dopey. (Int -2) [mutagenic meat]
 20918 | D:12     | Noticed a purple very ugly thing
 20931 | D:12     | Killed a purple very ugly thing
 20970 | D:12     | Identified 2 scrolls of acquirement
 20983 | D:12     | Got a warped great sword
 20985 | D:12     | Identified the +3 great sword "Spiderslayer" {elec, MP+9 Str+5 SInv Stlth-} (You acquired it on level 12 of the Dungeon)
 21007 | D:12     | Got a heavily runed plate armour
 21018 | D:12     | Identified the +7 plate armour of Indomitability {Str+2} (You acquired it on level 12 of the Dungeon)
 21505 | D:13     | Found a stormy altar of Qazlal.
 21881 | D:13     | Reached skill level 15 in Fighting
 22369 | Orc:1    | Entered Level 1 of the Orcish Mines
 22369 | Orc:1    | Found Dudokk Hounu's Gadget Emporium.
 22369 | Orc:1    | Noticed an orc warlord
 22519 | Orc:1    | Killed an orc warlord
 22623 | Orc:1    | Found Ciarusti's Book Shop.
 22721 | Orc:1    | Noticed an orc warlord
 22730 | Orc:1    | Killed an orc warlord
 22733 | Orc:1    | Reached XP level 15. HP: 114/141 MP: 21/21
 22736 | Orc:1    | Noticed an orc warlord
 22736 | Orc:1    | Found Kiodoul's Antique Armour Shop.
 22748 | Orc:1    | Killed an orc warlord
 22873 | Orc:1    | Found Panwon's Magic Scroll Shoppe.
 22887 | Orc:1    | Found a roughly hewn altar of Beogh.
 22900 | Orc:1    | Found Voovof's Armour Shoppe.
 22930 | Orc:1    | Bought a +2 cloak of poison resistance for 259 gold pieces
 23144 | Orc:2    | Entered Level 2 of the Orcish Mines
 23234 | Orc:2    | Found Galleth's Armour Shoppe.
 23244 | Orc:2    | Noticed an orc warlord
 23277 | Orc:2    | Killed an orc warlord
 23504 | Orc:2    | Noticed an orc warlord
 23532 | Orc:2    | Killed an orc warlord
 23584 | Orc:2    | Found Hepner's Antique Armour Emporium.
 23585 | Orc:2    | Found a roughly hewn altar of Beogh.
 23586 | Orc:2    | Found Leusex's Antique Weapon Shoppe.
 23726 | Orc:2    | Found a roughly hewn altar of Beogh.
 23817 | Orc:2    | Found a staircase to the Elven Halls.
 23841 | Orc:2    | Noticed Erolcha
 23846 | Orc:2    | Killed Erolcha
 23913 | Orc:2    | Found a roughly hewn altar of Beogh.
 23927 | Orc:2    | Found Otilio's Book Emporium.
 23999 | Orc:2    | Found a roughly hewn altar of Beogh.
 24061 | Orc:2    | Bought a pair of steaming gloves for 237 gold pieces
 24071 | Orc:2    | Identified the cursed +0 pair of gloves "Vumud" {+Inv rF+} (You bought it in a shop on level 2 of the Orcish Mines)
 24163 | Orc:2    | Found a roughly hewn altar of Beogh.
 24172 | Orc:2    | Reached skill level 1 in Evocations
 24173 | Orc:2    | Found Kuda's Gadget Shop.
 24279 | Orc:2    | Noticed Snorg
 24286 | Orc:2    | Killed Snorg
 24916 | Lair:6   | Cast into level 2 of the Abyss (a wizard)
 24934 | Abyss:2  | Got a steaming steel ring
 24936 | Abyss:2  | Identified the ring "Siotz" {rElec rPois rN+ Slay+3} (You acquired it on level 2 of the Abyss)
 25053 | Abyss:2  | Gained mutation: Your magical capacity is low. (-10% MP) [a shining eye]
 25057 | Abyss:2  | Gained mutation: You occasionally shout uncontrollably at your foes. [a shining eye]
 25059 | Abyss:2  | Lost mutation: You are agile. (Dex +2) [a shining eye]
 25083 | Abyss:2  | Noticed a lich
 25095 | Abyss:2  | Killed a lich
 25182 | Abyss:2  | Found a corrupted altar of Lugonu.
 25218 | Abyss:2  | Reached skill level 5 in Evocations
 25408 | Abyss:2  | Noticed a tentacled starspawn
 25416 | Abyss:2  | Killed a tentacled starspawn
 25430 | Abyss:2  | Got a scintillating diamond amulet
 25447 | Lair:6   | Escaped the Abyss
 25450 | Lair:6   | Reached XP level 16. HP: 144/151 MP: 20/20
 25480 | Lair:6   | Found a burning altar of Makhleb.
 25524 | Lair:6   | Found a gateway to Hell.
 26104 | Lair:1   | Identified the amulet "Eroucs" {+Rage rN+ Int+4} (You found it on level 2 of the Abyss)
 26169 | Spider:1 | Entered Level 1 of the Spider Nest
 27497 | Spider:2 | Noticed Frances
 27608 | Spider:2 | Killed Frances
 28911 | Spider:3 | Reached XP level 17. HP: 122/159 MP: 20/21
 29186 | Spider:3 | Noticed Agnes
 29192 | Spider:3 | Killed Agnes
 29483 | Spider:4 | Entered Level 4 of the Spider Nest
 30961 | Spider:4 | Got a gossamer rune of Zot
 31508 | D:14     | Noticed Nessos
 31519 | D:14     | Killed Nessos
 31519 | D:14     | Reached skill level 15 in Armour
 31582 | D:14     | Found a gate to the Vaults.
 32091 | D:14     | Noticed Josephine
 32095 | D:14     | Killed Josephine
 32095 | D:14     | Reached XP level 18. HP: 168/171 MP: 21/21
 32426 | D:15     | Entered Level 15 of the Dungeon
 32478 | D:15     | Paralysed by an orc sorcerer for 2 turns
 32501 | D:15     | Found a staircase to the Depths.
 33301 | Depths:1 | Entered Level 1 of the Depths
 33776 | Depths:1 | Got a jewelled ring mail
 33797 | Depths:1 | Identified the cursed +0 ring mail of Unreason {*Slow rN++ MR+++ Str-5} (You found it on level 1 of the Depths)
 33824 | Depths:1 | Found a gateway to a ziggurat.
 34216 | Depths:1 | Reached skill level 15 in Dodging
 34651 | Depths:1 | Got a scintillating ivory ring
 34652 | Depths:1 | Identified the ring of Ynanio {rN+ MR+ Str-3 Slay+2 Stlth+} (You found it on level 1 of the Depths)
 34786 | Vaults:1 | Entered Level 1 of the Vaults
 35015 | Vaults:1 | Found Pattu's Assorted Antiques.
 35545 | Vaults:1 | Found Roceh's Food Emporium.
 36157 | Vaults:1 | Reached XP level 19. HP: 183/183 MP: 23/23
 36735 | Vaults:1 | Upgraded the game from 0.19.0-2-gae57169 to 0.19.0-11-g3fc08b3
 38241 | Vaults:2 | Noticed Aizul
 38263 | Vaults:2 | Killed Aizul
 38610 | Vaults:2 | Upgraded the game from 0.19.0-11-g3fc08b3 to 0.19.0-18-g426998a
 38838 | Vaults:2 | Noticed Mara
 38853 | Vaults:2 | Reached skill level 1 in Stealth
 38863 | Vaults:2 | Noticed Firouki's illusion
 39217 | Vaults:2 | Noticed Firouki's illusion
 39459 | Vaults:2 | Killed Mara
 40082 | Vaults:3 | Noticed Xtahua
 40096 | Vaults:3 | Killed Xtahua
 40164 | Vaults:3 | Found Heigg's Weapon Emporium.
 40174 | Vaults:3 | Reached XP level 20. HP: 188/193 MP: 25/25
 40216 | Vaults:3 | Cast into level 2 of the Abyss (a wizard)
 40216 | Abyss:2  | Found a corrupted altar of Lugonu.
 40237 | Abyss:2  | Found a corrupted altar of Lugonu.
 40452 | Abyss:2  | Found a sparkling altar of Nemelex Xobeh.
 40573 | Abyss:2  | Paralysed by accursed screaming for 1 turns
 40631 | Vaults:3 | Escaped the Abyss
 40830 | Vaults:3 | Reached skill level 5 in Stealth
 41946 | Vaults:3 | Found a staircase to the Crypt.
 42415 | Vaults:4 | Reached XP level 21. HP: 177/201 MP: 26/26
 43104 | Vaults:4 | Noticed Margery
 43116 | Vaults:4 | Killed Margery
 43648 | Vaults:5 | Entered Level 5 of the Vaults
 43706 | Vaults:4 | Reached skill level 10 in Stealth
 43885 | Vaults:5 | Noticed a golden dragon
 43996 | Vaults:5 | Noticed an ancient lich
 44007 | Vaults:5 | Killed an ancient lich
 44008 | Vaults:5 | Noticed an ancient lich
 44527 | Vaults:5 | Noticed an ancient lich
 44704 | Vaults:4 | Killed an ancient lich
 44704 | Vaults:4 | Reached XP level 22. HP: 187/209 MP: 27/27
 44714 | Vaults:4 | Killed an ancient lich
 45923 | Vaults:4 | Killed a golden dragon
 46305 | Vaults:5 | Got a shimmering tin amulet
 46690 | Vaults:5 | Identified the Almanac of the Dislocated Snowflakes
 46695 | Vaults:5 | Learned a level 2 spell: Blink
 46711 | Vaults:5 | Got a silver rune of Zot
 46728 | Vaults:5 | Learned a level 2 spell: Repel Missiles
 46734 | Vaults:5 | Noticed a golden dragon
 46798 | Vaults:5 | Killed a golden dragon
 47109 | Vaults:5 | Identified the amulet "Poqidof" {Inacc rPois SInv} (You found it on level 5 of the Vaults)
 47459 | Vaults:5 | Noticed an ancient lich
 47469 | Vaults:5 | Killed an ancient lich
 47469 | Vaults:5 | Reached XP level 23. HP: 159/215 MP: 29/29
 47779 | Vaults:5 | Identified the Incunabulum of the Dusty Compass
 47890 | Vaults:5 | Identified the +1 scale mail "Sesheac" {*Slow MR+ Str+8} (You found it on level 5 of the Vaults)
 49162 | Vaults:4 | Got a jewelled chain mail
 49245 | Vaults:5 | Got a translucent chain mail
 49253 | Vaults:5 | Got a bloodstained rapier
 49254 | Vaults:5 | Identified the +8 rapier "Urogri" {flame, *Slow +Fly rF- Str+8} (You found it on level 5 of the Vaults)
 49266 | Vaults:5 | Identified the +4 chain mail "Vismaboj" {+Fly Slay+3} (You found it on level 4 of the Vaults)
 49276 | Vaults:5 | Identified the +8 chain mail of Plog {*Corrode Dex+7} (You found it on level 5 of the Vaults)
 49402 | Vaults:1 | Bought a pair of ancient gloves for 285 gold pieces
 49412 | Vaults:1 | Identified the +5 pair of gloves of the Endless Expanse {Str+6} (You bought it in a shop on level 1 of the Vaults)
 49632 | Orc:1    | Bought a translucent plate armour for 784 gold pieces
 49642 | Orc:1    | Identified the +2 plate armour of Nicwiux {Str+4 Stlth+} (You bought it in a shop on level 1 of the Orcish Mines)
 49985 | Elf:1    | Entered Level 1 of the Elven Halls
 50677 | Elf:2    | Found Zezec's Antique Armour Boutique.
 50681 | Elf:2    | Found Yhymonk's General Store.
 50699 | Elf:2    | Bought a scroll of enchant weapon for 97 gold pieces
 50707 | Elf:2    | Bought a scorched chain mail for 285 gold pieces
 50729 | Elf:2    | Identified the +5 chain mail "Lanehop" {*Contam rElec rPois MP+9} (You bought it in a shop on level 2 of the Elven Halls)
 50745 | Elf:2    | Gained mutation: Your spells are a little easier to cast, but a little less powerful. [mutagenic glow]
 50754 | Elf:2    | Noticed Nikola
 50763 | Elf:2    | Killed Nikola
 50896 | Elf:2    | Found a runed gate.
 50896 | Elf:2    | Found a runed gate.
 50902 | Elf:2    | Found a runed gate.
 51003 | Elf:2    | Found Wyraecut's General Store.
 51019 | Elf:2    | Bought a scroll of identify for 24 gold pieces
 51019 | Elf:2    | Bought a wand of heal wounds (3/9) for 504 gold pieces
 51302 | Elf:2    | Reached skill level 15 in Invocations
 51318 | Elf:2    | Reached skill level 1 in Spellcasting
 51318 | Elf:2    | Reached skill level 1 in Translocations
 51649 | Elf:3    | Entered Level 3 of the Elven Halls
 51719 | Elf:3    | Found Kitof's Armour Shop.
 51779 | Elf:3    | Lost intelligence.
 52282 | Elf:3    | Got a sparkling lead ring
 52448 | Elf:3    | Got a brightly glowing silver amulet
 52450 | Elf:3    | Identified the amulet of Acasua Lasm {Reflect SH+4 Stlth+} (You took it off a deep elf archer on level 3 of the Elven Halls)
 52452 | Elf:3    | Identified the ring of Lagruts {Wiz +Blink} (You took it off a deep elf elementalist on level 3 of the Elven Halls)
 52637 | Elf:3    | Reached XP level 24. HP: 66/224 MP: 29/29
 53694 | Elf:3    | Gained mutation: You are somewhat resistant to further mutation. [potion of beneficial mutation]
 53757 | Elf:3    | Identified the Tome of the Traveller
 53760 | Elf:3    | Learned a level 1 spell: Apportation
 53939 | Elf:3    | Reached skill level 5 in Translocations
 54306 | Shoals:1 | Entered Level 1 of the Shoals
 54669 | Shoals:1 | Got a translucent chain mail
 54680 | Shoals:1 | Identified the +0 chain mail of Vinet {rC+} (You acquired it on level 1 of the Shoals)
 55991 | Shoals:3 | Reached skill level 5 in Spellcasting
 56182 | Shoals:3 | Noticed Polyphemus
 56194 | Shoals:3 | Killed Polyphemus
 56383 | Shoals:4 | Entered Level 4 of the Shoals
 56416 | Shoals:4 | Found Helymoss's Book Boutique.
 56604 | Shoals:4 | Noticed Ilsuiw
 56662 | Shoals:4 | Killed Ilsuiw
 57321 | Shoals:4 | Got a barnacled rune of Zot
 58576 | Depths:2 | Reached skill level 1 in Charms
 58576 | Depths:2 | Reached skill level 1 in Air Magic
 59085 | Depths:2 | Reached XP level 25. HP: 214/231 MP: 29/29
 59244 | Depths:2 | Found Kipinet's Gadget Shoppe.
 59244 | Depths:2 | Found Niunlehe's Jewellery Boutique.
 59248 | Depths:2 | Found Cedy's Gadget Shoppe.
 59256 | Depths:2 | Bought the ring "Ydauh" {+Fly Int+3 Dex+9} for 695 gold pieces
 59477 | Depths:3 | Found a one-way gate leading to the halls of Pandemonium.
 60677 | Depths:4 | Found Quur's Antique Weapon Shop.
 60695 | Depths:4 | Cast into level 3 of the Abyss (a lich)
 60695 | Abyss:3  | Found a corrupted altar of Lugonu.
 60723 | Abyss:3  | Got an abyssal rune of Zot
 60771 | Abyss:3  | Reached skill level 5 in Air Magic
 60830 | Depths:4 | Escaped the Abyss
 61026 | Depths:4 | Reached skill level 5 in Charms
 61340 | Depths:4 | Reached skill level 27 in Long Blades
 61341 | Depths:4 | Found Raonuc's General Store.
 61428 | Depths:4 | Found a one-way gate to the infinite horrors of the Abyss.
 61924 | Depths:4 | Found a runed door.
 62295 | Depths:4 | Noticed an ancient lich
 62306 | Depths:4 | Killed an ancient lich
 62399 | Depths:4 | Reached XP level 26. HP: 167/239 MP: 29/29
 62565 | Depths:4 | Got a pitted long sword
 62567 | Depths:4 | Identified the +5 long sword of Destruction {drain, +Inv rElec Stlth+} (You found it on level 4 of the Depths)
 62645 | Depths:5 | Entered Level 5 of the Depths
 62662 | Depths:5 | Noticed a juggernaut
 62671 | Depths:5 | Cast into level 3 of the Abyss (a deep elf demonologist)
 62671 | Abyss:3  | Found a corrupted altar of Lugonu.
 62723 | Abyss:3  | Found a corrupted altar of Lugonu.
 62751 | Depths:5 | Escaped the Abyss
 62824 | Depths:5 | Killed a juggernaut
 63578 | Depths:5 | Found a gate to the Realm of Zot.
 63624 | Depths:5 | Noticed an ancient lich
 63625 | Depths:5 | Noticed an ancient lich
 63650 | Depths:5 | Killed an ancient lich
 63651 | Depths:5 | Killed an ancient lich
 65006 | Zot:1    | Entered Level 1 of the Realm of Zot
 65052 | Zot:1    | Upgraded the game from 0.19.0-18-g426998a to 0.19.0-19-g8c6edcc
 65196 | Zot:1    | Reached XP level 27. HP: 239/249 MP: 25/30
 65743 | Zot:1    | Reached skill level 10 in Charms
 68525 | Zot:3    | Noticed an orb of fire
 68551 | Zot:3    | Killed an orb of fire
 69009 | Zot:3    | Reached skill level 10 in Translocations
 69836 | Zot:4    | Noticed an orb of fire
 69840 | Zot:4    | Gained mutation: You are clumsy. (Dex -2) [an orb of fire]
 69851 | Zot:4    | Killed an orb of fire
 70490 | Zot:5    | Entered Level 5 of the Realm of Zot
 70729 | Zot:5    | Noticed an ancient lich
 70744 | Zot:5    | Killed an ancient lich
 70826 | Zot:5    | Noticed an orb of fire
 70827 | Zot:5    | Noticed an orb of fire
 70829 | Zot:5    | Killed an orb of fire
 70847 | Zot:5    | Killed an orb of fire
 70854 | Zot:5    | Noticed an orb of fire
 70868 | Zot:5    | Lost mutation: Your spells are a little easier to cast, but a little less powerful. [an orb of fire]
 70892 | Zot:5    | Gained mutation: Armour fits poorly on your strangely shaped body. [an orb of fire]
 70895 | Zot:5    | Killed an orb of fire
 70895 | Zot:5    | Reached skill level 10 in Evocations
 71925 | Zot:5    | Noticed an orb of fire
 71935 | Zot:5    | Killed an orb of fire
 73508 | Crypt:1  | Entered Level 1 of the Crypt
 73733 | Crypt:1  | Noticed Frederick
 73744 | Crypt:1  | Killed Frederick
 74453 | Crypt:2  | Noticed Sojobo
 74473 | Crypt:1  | Killed Sojobo
 75616 | Crypt:2  | Lost intelligence.
 75787 | Crypt:3  | Entered Level 3 of the Crypt
 75970 | Crypt:3  | Found an ancient bone altar of Kikubaaqudgha.
 75987 | Crypt:3  | Got an ichor-stained cloak
 75998 | Crypt:3  | Identified the +1 cloak "Muddi Totri" {+Fly Regen+ rCorr} (You found it on level 3 of the Crypt)
 76072 | Crypt:3  | Identified the Grimoire of Necromancy
 76601 | Crypt:3  | Found a staircase to the Tomb.
 77039 | Tomb:1   | Entered Level 1 of the Tomb of the Ancients
 77206 | Tomb:1   | Got a shimmering tin ring
 77208 | Tomb:1   | Identified the ring "Erchia" {Fire +Fly Dex+3} (You acquired it on level 1 of the Tomb of the Ancients)
 77412 | Tomb:1   | Noticed a greater mummy
 77422 | Tomb:1   | Killed a greater mummy
 77422 | Tomb:1   | Lost intelligence.
 77859 | Tomb:1   | Got a fine scythe
 77861 | Tomb:1   | Identified the cursed +1 scythe "Ikaexe Jore" {protect, Str+2 Int+4} (You found it on level 1 of the Tomb of the Ancients)
 78029 | Tomb:2   | Noticed a greater mummy
 78032 | Tomb:2   | Noticed a greater mummy
 78035 | Tomb:2   | Noticed an ancient lich
 78260 | Tomb:2   | Noticed a greater mummy
 78613 | Tomb:2   | Killed a greater mummy
 78623 | Tomb:1   | Killed a greater mummy
 78623 | Tomb:1   | Killed an ancient lich
 78841 | Tomb:2   | Killed a greater mummy
 79133 | Tomb:2   | Learned a level 3 spell: Lesser Beckoning
 79411 | Tomb:2   | Lost mutation: You are clumsy. (Dex -2) [potion of mutation]
 79411 | Tomb:2   | Lost mutation: You occasionally shout uncontrollably at your foes. [potion of mutation]
 80224 | Elf:3    | Learned a level 2 spell: Passwall
 80541 | Slime:1  | Entered Level 1 of the Pits of Slime
 80555 | Slime:1  | Reached skill level 1 in Transmutations
 80570 | Slime:1  | Reached skill level 1 in Earth Magic
 80956 | Slime:2  | Found a viscous altar of Jiyva.
 81026 | Slime:2  | Gained mutation: Your flesh is heat resistant. (rF+) [a shining eye]
 81078 | Slime:2  | Gained mutation: You are frail. (-10% HP) [a shining eye]
 82449 | Slime:5  | Entered Level 5 of the Pits of Slime
 82524 | Slime:5  | Reached skill level 5 in Earth Magic
 82617 | Slime:4  | Reached skill level 5 in Transmutations
 82747 | Slime:5  | Noticed the Royal Jelly
 82761 | Slime:5  | Killed the Royal Jelly
 82846 | Slime:5  | Identified the Grimoire of Transmigration and Summoning
 82885 | Slime:5  | Got a slimy rune of Zot
 82890 | Slime:5  | Learned a level 2 spell: Swiftness
 84064 | Tomb:1   | Noticed a greater mummy
 84409 | Tomb:1   | Noticed a greater mummy
 84412 | Tomb:1   | Noticed a greater mummy
 84696 | Tomb:1   | Noticed a greater mummy
 84700 | Tomb:1   | Killed a greater mummy
 84703 | Tomb:1   | Killed a greater mummy
 84704 | Tomb:1   | Killed a greater mummy
 85227 | Tomb:1   | Killed a greater mummy
 85241 | Tomb:1   | Noticed a greater mummy
 85243 | Tomb:1   | Killed a greater mummy
 85291 | Tomb:1   | Noticed a greater mummy
 85299 | Tomb:1   | Killed a greater mummy
 85426 | Tomb:1   | Noticed a greater mummy
 85437 | Tomb:1   | Killed a greater mummy
 85597 | Tomb:1   | Noticed a greater mummy
 85603 | Tomb:1   | Killed a greater mummy
 85680 | Tomb:1   | Noticed a greater mummy
 85697 | Tomb:1   | Killed a greater mummy
 85886 | Tomb:1   | Noticed a greater mummy
 85897 | Tomb:1   | Killed a greater mummy
 86263 | Tomb:3   | Entered Level 3 of the Tomb of the Ancients
 86282 | Tomb:3   | Noticed a greater mummy
 86290 | Tomb:3   | Noticed a greater mummy
 86501 | Tomb:3   | Noticed a greater mummy
 86503 | Tomb:3   | Killed a greater mummy
 86823 | Tomb:3   | Killed a greater mummy
 86824 | Tomb:2   | HP: 10/233 [poison (dark miasma)]
 87102 | Tomb:3   | Noticed a greater mummy
 87102 | Tomb:3   | Killed a greater mummy
 87560 | Tomb:3   | Noticed a greater mummy
 88319 | Tomb:2   | Killed a greater mummy
 88681 | Tomb:3   | Killed a greater mummy
 88681 | Tomb:3   | Lost intelligence.
 88796 | Tomb:3   | Noticed a greater mummy
 88805 | Tomb:3   | Noticed a greater mummy
 88806 | Tomb:3   | Noticed an ancient lich
 88806 | Tomb:3   | Killed a greater mummy
 88938 | Tomb:2   | Killed an ancient lich
 88938 | Tomb:2   | Reached skill level 27 in Fighting
 89061 | Tomb:3   | Killed a greater mummy
 89217 | Tomb:3   | Got a golden rune of Zot
 89246 | Tomb:3   | Noticed Boris
 89254 | Tomb:3   | Killed Boris
 89270 | Tomb:3   | Noticed a greater mummy
 89282 | Tomb:3   | Killed a greater mummy
 89431 | Tomb:3   | Got a fine jade amulet
 89471 | Tomb:3   | Identified the amulet "Uqeth" {Gourm Int+4 SInv} (You found it on level 3 of the Tomb of the Ancients)
 89495 | Tomb:3   | Got a flickering ruby amulet
 89501 | Tomb:3   | Identified the Compendium of Attacks
 90652 | Lair:1   | Identified the amulet of Coronation {RegenMP Int+3} (You found it on level 3 of the Tomb of the Ancients)
 90807 | Hell     | Entered the Vestibule of Hell
 90807 | Hell     | Noticed Geryon
 90980 | Hell     | Killed Geryon
 91023 | Hell     | Found a gateway to the ashen valley of Gehenna.
 91111 | Hell     | Found a gateway to the Iron City of Dis.
 91204 | Hell     | Found a gateway to the freezing wastes of Cocytus.
 91364 | Hell     | Found a gateway to the decaying netherworld of Tartarus.
 91907 | Pan      | Entered Pandemonium
 91942 | Pan      | Noticed Herph the pandemonium lord
 91945 | Pan      | Killed Herph the pandemonium lord
 92519 | Pan      | Found an exit through the horrors of the Abyss.
 93205 | Pan      | Noticed Muoraj Joad the pandemonium lord
 93215 | Pan      | Killed Muoraj Joad the pandemonium lord
 93234 | Pan      | Cast into level 3 of the Abyss (demon trident of distortion)
 93242 | Pan      | Escaped the Abyss
 93595 | Pan      | Found an exit through the horrors of the Abyss.
 94009 | Pan      | Got a demonic rune of Zot
 94107 | Pan      | Found an exit through the horrors of the Abyss.
 94285 | Pan      | Noticed Lircheqoq the pandemonium lord
 94802 | Pan      | Reached skill level 27 in Armour
 94941 | Pan      | Killed Lircheqoq the pandemonium lord
 95443 | Pan      | Entered the realm of Mnoleg.
 95546 | Pan      | Noticed Mnoleg
 95575 | Pan      | Paralysed by a floating eye for 3 turns
 95581 | Pan      | Killed Mnoleg
 95589 | Pan      | Got a glowing rune of Zot
 95835 | Pan      | Lost intelligence.
 95986 | Pan      | Gained mutation: You occasionally shout uncontrollably at your foes. [a neqoxec]
 96054 | Pan      | Gained mutation: You are weak. (Str -2) [a cacodemon]
 96217 | Pan      | Found an exit through the horrors of the Abyss.
 96305 | Pan      | Gained mutation: Scrolls take you a little longer to read. [potion of mutation]
 96555 | Pan      | Lost mutation: Your magical capacity is low. (-10% MP) [a neqoxec]
 96631 | Pan      | Found an exit through the horrors of the Abyss.
 96766 | Pan      | Reached skill level 27 in Dodging
 96766 | Pan      | Reached skill level 15 in Stealth
 97035 | Pan      | Gained mutation: You are resistant to hostile enchantments. (MR+) [a neqoxec]
 97053 | Pan      | Noticed Uwea the pandemonium lord
 97057 | Pan      | Killed Uwea the pandemonium lord
 97071 | Pan      | Identified Huithu's Catalogue of Dark Protection
 97077 | Pan      | Learned a level 3 spell: Ozocubu's Armour
 97081 | Pan      | Learned a level 3 spell: Spectral Weapon
 97186 | Pan      | Got a pair of brightly glowing boots
 97210 | Pan      | Identified the +4 pair of boots "Uklonudirph" {Regen+ Int+3 Dex-3} (You acquired it in Pandemonium)
 97248 | Pan      | Found an exit through the horrors of the Abyss.
 97382 | Pan      | Noticed Udiba the pandemonium lord
 97752 | Pan      | Entered the realm of Gloorx Vloq.
 97854 | Pan      | Reached skill level 1 in Hexes
 97854 | Pan      | Reached skill level 1 in Ice Magic
 98037 | Pan      | Noticed Gloorx Vloq
 98048 | Pan      | Killed Gloorx Vloq
 98201 | Pan      | Got a dark rune of Zot
 98350 | Pan      | Found an exit through the horrors of the Abyss.
 98438 | Pan      | Noticed Mennas
 98468 | Pan      | Killed Mennas
 98698 | Pan      | Found an exit through the horrors of the Abyss.
 98854 | Pan      | Found a runed door.
 99037 | Pan      | Found a runed door.
 99047 | Pan      | Found a runed door.
 99058 | Pan      | Found a runed door.
 99079 | Pan      | Noticed Xacufeant the pandemonium lord
 99087 | Pan      | Killed Xacufeant the pandemonium lord
 99092 | Pan      | Reached skill level 5 in Ice Magic
 99106 | Pan      | Identified the +3 hand crossbow "Hulk" {penet, rPois rN+ Dex+3} (You found it in Pandemonium)
 99318 | Pan      | Noticed Juyph the pandemonium lord
 99327 | Pan      | Killed Juyph the pandemonium lord
 99327 | Pan      | Reached skill level 5 in Hexes
 99796 | Pan      | Found an exit through the horrors of the Abyss.
 99986 | Pan      | Found an exit through the horrors of the Abyss.
100059 | Pan      | Noticed Duomym Bicu the pandemonium lord
100072 | Pan      | Killed Duomym Bicu the pandemonium lord
100072 | Pan      | Reached skill level 10 in Earth Magic
100805 | Pan      | Noticed Ignacio
100820 | Pan      | Killed Ignacio
100994 | Pan      | Noticed Nalilaw the pandemonium lord
101001 | Pan      | Killed Nalilaw the pandemonium lord
101139 | Pan      | Noticed Xutomp the pandemonium lord
101677 | Pan      | Reached skill level 10 in Spellcasting
101711 | Pan      | Found an exit through the horrors of the Abyss.
102112 | Pan      | Noticed Tutuw the pandemonium lord
102340 | Pan      | Killed Tutuw the pandemonium lord
102402 | Depths:3 | Escaped Pandemonium
102413 | Pan      | Entered Pandemonium
102522 | Pan      | Found an exit through the horrors of the Abyss.
102599 | Pan      | Noticed Axaolo the pandemonium lord
102622 | Pan      | Killed Axaolo the pandemonium lord
102896 | Pan      | Lost mutation: Your flesh is heat resistant. (rF+) [potion of cure mutation]
102896 | Pan      | Lost mutation: You are frail. (-10% HP) [potion of cure mutation]
102896 | Pan      | Lost mutation: Armour fits poorly on your strangely shaped body. [potion of cure mutation]
102896 | Pan      | Lost mutation: You have sharp toenails. [potion of cure mutation]
102896 | Pan      | Lost mutation: You are resistant to hostile enchantments. (MR+) [potion of cure mutation]
102897 | Pan      | Lost mutation: You are partially covered in yellow scales. (AC +2) [potion of cure mutation]
102897 | Pan      | Lost mutation: You occasionally shout uncontrollably at your foes. [potion of cure mutation]
102897 | Pan      | Lost mutation: You are dopey. (Int -2) [potion of cure mutation]
102897 | Pan      | Lost mutation: You are somewhat resistant to further mutation. [potion of cure mutation]
102897 | Pan      | Lost mutation: Scrolls take you a little longer to read. [potion of cure mutation]
103216 | Depths:3 | Escaped Pandemonium
103667 | Zig:1    | Entered Level 1 of a ziggurat
103694 | Zig:2    | Entered Level 2 of a ziggurat
103714 | Zig:3    | Entered Level 3 of a ziggurat
103736 | Zig:4    | Entered Level 4 of a ziggurat
103772 | Zig:5    | Entered Level 5 of a ziggurat
103832 | Zig:6    | Entered Level 6 of a ziggurat
103873 | Zig:6    | Gained mutation: You are resistant to electric shocks. (rElec) [potion of beneficial mutation]
103934 | Zig:6    | Identified the amulet of Salvation {Harm *Drain rF- rC++ Int+2 SInv} (You found it on level 6 of a ziggurat)
103938 | Zig:7    | Entered Level 7 of a ziggurat
103960 | Zig:7    | Identified the ring "Taagui" {Fire rN+ Str+3 Dex+5} (You found it on level 7 of a ziggurat)
103962 | Zig:7    | Identified the amulet of Eternal Harmony {+Rage rPois} (You found it on level 7 of a ziggurat)
103966 | Zig:7    | Identified the +7 short sword of Dissatisfaction {antimagic, +Blink rElec rF- SInv} (You found it on level 7 of a ziggurat)
103984 | Zig:8    | Entered Level 8 of a ziggurat
104120 | Zig:8    | Reached skill level 5 in Crossbows
104131 | Zig:8    | Identified Soil's Catalogue of Flight
104133 | Zig:8    | Identified the +8 chain mail "Setwaic" {+Blink rElec Str+5 Dex-5} (You found it on level 8 of a ziggurat)
104256 | Zig:9    | Entered Level 9 of a ziggurat
104380 | Zig:10   | Entered Level 10 of a ziggurat
104391 | Zig:10   | Noticed Rol Caez the pandemonium lord
104409 | Zig:10   | Mangled by a Tzitzimitl

Skill      XL: |  1  2  3  4  5  6  7  8  9 10 11 12 13 14 15 16 17 18 19 20 21 22 23 24 25 26 27 |
---------------+----------------------------------------------------------------------------------+-----
Long Blades    | 4 5 6 7 8 10 11 12 13 14 15 17 18 21 22 23 25 26 27 | 27.0
Fighting       | 3 5 6 8 10 11 13 14 15 16 17 19 20 21 27 | 27.0
Armour         | 1 3 5 6 8 10 11 12 13 15 16 17 18 19 20 21 27 | 27.0
Dodging        | 4 5 7 8 9 11 12 14 15 16 17 18 19 20 27 | 27.0
Invocations    | 5 6 8 9 10 12 14 15 16 19 | 19.6
Evocations     | 6 8 12 | 12.0
Stealth        | 3 8 10 16 | 16.4
Spellcasting   | 3 6 11 | 11.1
Translocations | 4 8 10 | 10.0
Charms         | 1 8 9 12 | 12.1
Air Magic      | 1 5 6 |  6.0
Transmutations | 7 |  7.0
Earth Magic    | 10 | 10.0
Hexes          | 9 |  9.7
Ice Magic      | 6 |  6.6
Crossbows      | 5 |  5.5
Throwing       | |  2.0

Action                   |  1- 3 |  4- 6 |  7- 9 | 10-12 | 13-15 | 16-18 | 19-21 | 22-24 | 25-27 || total
-------------------------+-------+-------+-------+-------+-------+-------+-------+-------+-------++-------
Melee: Long sword        |    50 |   103 |   288 |   152 |   275 |       |       |       |       ||   868
       Headbutt          |    14 |    26 |    77 |   244 |   457 |   368 |   356 |   409 |  1403 ||  3354
       Halberd           |       |       |     6 |       |       |       |       |       |       ||     6
       Falchion          |       |       |       |   560 |   451 |       |       |       |       ||  1011
       Short sword       |       |       |       |    30 |    24 |       |       |       |       ||    54
       Great sword       |       |       |       |       |   469 |   970 |  1014 |   364 |  2076 ||  4893
       Scimitar          |       |       |       |       |       |    11 |       |       |       ||    11
       Demon blade       |       |       |       |       |       |       |     6 |       |       ||     6
       Triple sword      |       |       |       |       |       |       |       |   853 |  2126 ||  2979
 Fire: Blowgun           |       |       |     3 |     4 |       |       |       |       |       ||     7
Throw: Throwing net      |       |     1 |     1 |     1 |       |       |       |       |     1 ||     4
 Cast: Blink             |       |       |       |       |       |       |       |     1 |     6 ||     7
       Repel Missiles    |       |       |       |       |       |       |       |       |    11 ||    11
       Spectral Weapon   |       |       |       |       |       |       |       |       |     4 ||     4
       Passwall          |       |       |       |       |       |       |       |       |     3 ||     3
Invok: Line Pass         |       |       |     6 |     6 |     9 |     1 |     9 |     1 |    17 ||    49
       Stomp             |       |       |     2 |     6 |    31 |    12 |    25 |       |    22 ||    98
       Grand Finale      |       |       |       |       |     2 |     3 |     1 |     1 |    20 ||    27
 Abil: Evoke Berserk Rag |       |       |       |       |       |     1 |       |       |       ||     1
       Evoke Invisibilit |       |       |       |       |       |       |     1 |       |     1 ||     2
       Evoke Flight      |       |       |       |       |       |       |       |    10 |     7 ||    17
       Stop Flying       |       |       |       |       |       |       |       |       |     1 ||     1
Evoke: Wand              |       |       |     2 |       |     2 |       |       |    10 |    22 ||    36
       Horn of Geryon    |       |       |       |       |       |       |       |       |     1 ||     1
  Use: Scroll            |     2 |     3 |     6 |    12 |    17 |    10 |     7 |    13 |    56 ||   126
       Potion            |       |     3 |     6 |     8 |     3 |     2 |     4 |     2 |    21 ||    49
 Stab: Paralysed         |       |       |     4 |    52 |    76 |   123 |   139 |   115 |   443 ||   952
       Confused          |       |       |     3 |     1 |     5 |     1 |     3 |     1 |     7 ||    21
       Held in net/web   |       |       |     1 |     3 |       |       |       |       |       ||     4
       Distracted        |       |       |       |       |       |     1 |       |     3 |     1 ||     5
       Invisible         |       |       |       |       |       |       |     1 |       |     2 ||     3
       Sleeping          |       |       |       |       |       |       |       |     2 |     1 ||     3
  Eat: Chunk             |     1 |     5 |    18 |    34 |    52 |    24 |    29 |    32 |    55 ||   250
       Meat ration       |       |       |       |     1 |       |     1 |       |     1 |    14 ||    17
       Bread ration      |       |       |       |       |       |     2 |       |     2 |     8 ||    12
       Beef jerky        |       |       |       |       |       |     2 |     2 |     1 |     4 ||     9
       Royal jelly       |       |       |       |       |       |       |     2 |       |     4 ||     6
       Pizza             |       |       |       |       |       |       |       |     1 |     3 ||     4
       Fruit             |       |       |       |       |       |       |       |       |     8 ||     8
Armor: Leather armour    |     6 |     2 |       |       |       |       |       |       |       ||     8
       Ring mail         |       |    24 |    95 |   234 |   207 |       |       |       |       ||   560
       Plate armour      |       |       |       |       |   310 |   592 |   470 |   413 |   222 ||  2007
       Chain mail        |       |       |       |       |       |       |       |   121 |       ||   121
       Gold dragon scale |       |       |       |       |       |       |       |       |  2519 ||  2519
Dodge: Dodged            |    34 |    68 |   166 |   414 |   905 |   845 |   695 |   935 |  3727 ||  7789
       Deflected         |       |       |       |       |       |       |       |       |    18 ||    18
       Rpst.: Long sword |    12 |    21 |    51 |    13 |    47 |       |       |       |       ||   144
       Falchion          |       |       |       |    79 |    64 |       |       |       |       ||   143
       Great sword       |       |       |       |       |    80 |   151 |   137 |    41 |   405 ||   814
       Scimitar          |       |       |       |       |       |     4 |       |       |       ||     4
       Triple sword      |       |       |       |       |       |       |       |   118 |   274 ||   392
